AoeStats
← Blyad _Mann

Fortress

510162165Analyzed
4v4 RM · 3d ago on Sep 29, 2026· 42m 15s· 8 players
Game mode
Random Map
Map size
Huge
Population
200
Speed
Normal
Resources
Standard
Victory
Conquest
Starting age
Dark Age
Ending age
Imperial Age
RankedLock teamsTeams togetherTeam positionsShared explorationLock speedFull tech treeHidden civsTurbo modeCheats
Victory
Defeat
🇫🇷 Danes · France
1052
+18
🇬🇧 Georgians · United Kingdom
1043
+18
🇷🇴 Malians · Romania
1040
+18
🇳🇱 Varangians · Netherlands
974
+22
🇧🇷 Burgundians · Brazil
1113
-20
🇳🇴 Slavs · Norway
1112
-20
🇹🇼 Cumans · Taiwan
1100
-19
🇨🇳 Chinese · China
1050
-17
MCMLXX
7:30 Feudal Age
8:58 Wheelbarrow
8:12 Double-Bit Axe
8:10 Horse Collar
13:25 Castle Age
11:59 Gold Mining
12:18 Stone Mining
13:09 Loom
16:51 Heavy Plow
17:10 Bow Saw
25:27 Hand Cart
29:21 Imperial Age
27:06 Caravan
27:09 Squires
26:55 Arson
29:04 Fletching
29:39 Forging
29:45 Onager
31:14 Conscription
30:52 Bodkin Arrow
32:24 Iron Casting
31:50 Scale Mail Armor
33:05 Siege Onager
39:46 Capped Ram
43:08 Chain Mail Armor
Ourt
7:47 Loom
9:33 Feudal Age
13:45 Castle Age
11:53 Double-Bit Axe
13:32 Horse Collar
14:43 Bow Saw
20:40 Imperial Age
19:38 Fletching
22:08 Wheelbarrow
23:29 Thumb Ring
24:22 Husbandry
26:09 Ballistics
25:52 Cranequins
28:52 Bodkin Arrow
31:14 Chemistry
30:05 Heated Shot
30:17 Bracer
38:05 Heavy Mounted Crossbowman
39:58 Elite Jomsviking
41:30 Scale Barding Armor
Blyad _Mann
0:32 Loom
8:17 Feudal Age
8:47 Double-Bit Axe
8:44 Horse Collar
8:56 Gold Mining
13:33 Castle Age
14:56 Bow Saw
15:47 Wheelbarrow
20:55 Heavy Plow
26:01 Imperial Age
24:14 Forging
24:04 Scale Mail Armor
24:10 Squires
23:55 Gambesons
23:56 Arson
26:12 Iron Casting
25:52 Chain Mail Armor
26:22 Elite Varangian Guard
26:29 Gothikon
27:56 Guilds
28:12 Conscription
30:05 Blast Furnace
29:35 Plate Mail Armor
30:54 Scale Barding Armor
30:13 Vendel Legacy
31:34 Hand Cart
31:16 Cavalier
31:57 Husbandry
33:43 Husbandry
33:53 Bloodlines
34:06 Chain Barding Armor
35:44 Plate Barding Armor
The Rock
7:12 Feudal Age
12:13 Castle Age
10:23 Double-Bit Axe
10:59 Horse Collar
14:08 Bow Saw
14:37 Wheelbarrow
25:12 Imperial Age
24:45 Town Watch
25:15 Hand Cart
24:46 Loom
24:55 Gold Mining
25:00 Stone Mining
25:40 Forging
25:36 Scale Barding Armor
26:02 Town Patrol
27:21 Conscription
27:12 Elite Monaspa
28:29 Iron Casting
28:15 Chain Barding Armor
27:38 Treadmill Crane
28:20 Ballistics
27:52 Guard Tower
27:48 Arrowslits
30:15 Fletching
31:29 Blast Furnace
31:07 Plate Barding Armor
31:21 Capped Ram
32:49 Stone Shaft Mining
32:41 Aznauri Cavalry
32:42 Svan Towers
34:00 Bodkin Arrow
35:06 Blast Furnace
34:44 Keep
34:05 Murder Holes
34:17 Siege Engineers
35:35 Hoardings
BrightBlond
8:51 Feudal Age
9:54 Double-Bit Axe
12:41 Castle Age
10:30 Horse Collar
14:21 Wheelbarrow
14:11 Bow Saw
14:36 Heavy Plow
17:58 Gold Mining
18:01 Stone Mining
21:19 Caravan
22:54 Hand Cart
22:25 Loom
22:25 Town Watch
27:21 Imperial Age
24:56 Town Patrol
25:30 Detinets
27:29 Bloodlines
27:21 Husbandry
27:33 Padded Archer Armor
27:24 Fletching
27:41 Scale Barding Armor
27:47 Forging
28:48 Crop Rotation
29:21 Two-Man Saw
29:46 Chain Barding Armor
28:54 Capped Ram
29:04 Elite Boyar
30:06 Conscription
30:22 Hoardings
31:39 Siege Ram
33:11 Plate Barding Armor
33:16 Iron Casting
32:34 Fletching
35:29 Blast Furnace
34:25 Bodkin Arrow
34:35 Padded Archer Armor
34:36 Scale Mail Armor
oppppppfpppppp
7:15 Feudal Age
7:50 Horse Collar
7:59 Double-Bit Axe
15:10 Castle Age
15:03 Scale Barding Armor
16:26 Wheelbarrow
17:18 Heavy Plow
21:28 Bloodlines
21:52 Chain Barding Armor
21:30 Gold Mining
26:39 Imperial Age
24:52 Capped Ram
25:14 Light Cavalry
26:38 Forging
26:59 Steppe Husbandry
26:46 Cavalier
28:26 Plate Barding Armor
29:29 Iron Casting
30:51 Pikeman
31:32 Squires
31:17 Arson
vascoduro
2:06 Double-Bit Axe
2:53 Horse Collar
7:02 Gold Mining
9:20 Feudal Age
10:39 Wheelbarrow
10:17 Bow Saw
10:11 Heavy Plow
14:23 Castle Age
14:25 Gold Shaft Mining
14:27 Caravan
16:37 Two-Man Saw
370885147
0:31 Loom
10:01 Feudal Age
11:08 Double-Bit Axe
11:19 Horse Collar
14:04 Castle Age
12:05 Gold Mining
12:38 Fletching
12:52 Padded Archer Armor
14:52 Bodkin Arrow
15:36 Bow Saw
15:28 Heavy Plow
17:49 Wheelbarrow
21:50 Leather Archer Armor
22:48 Fortified Wall
23:12 Hand Cart
24:23 Gold Shaft Mining
23:41 Stone Mining
26:03 Masonry
26:18 Ballistics
26:34 Masonry
26:49 Great Wall
28:48 Stone Shaft Mining
33:29 Imperial Age
30:48 Town Watch
33:32 Capped Ram
34:28 Bracer
34:58 Ring Archer Armor
33:51 Elite Chu Ko Nu
34:53 Conscription
34:54 Rocketry
34:41 Town Patrol
36:30 Chemistry
36:02 Architecture
35:28 Murder Holes
Connection lost

Rejoining the realm…

Still unreachable

The connection could not be restored.

Session expired

The server has moved on; the page needs a fresh start.